 Dungeon Crawl Stone Soup version 0.32-a0-126-g9fbf7fb75a (webtiles) character file.

Game seed: 18301957995545017592

12597 Pandarussel the Basher (level 11, -3/85 HPs)
             Began as a Yellow Draconian Berserker on Feb 7, 2024.
             Was a High Priest of Trog.
             Slain by a blink frog (7 damage)
             ... on level 2 of the Lair of Beasts.
             The game lasted 00:51:12 (10412 turns).

Pandarussel the Basher (DrBe)                      Turns: 10412, Time: 00:51:13

Health: -3/85      AC: 13    Str: 22    XL:     11   Next: 64%
Magic:  11/11      EV: 18    Int:  6    God:    Trog [*****.]
Gold:   445        SH:  5    Dex: 19    Spells: 10/10 levels left

rFire   . . .        l - +10 whip of Doom {flame, rN+}
rCold   . . .        (no shield)
rNeg    + + .        (body armour unavailable)
rPois   +            (helmet restricted)
rElec   .            D - +2 ratskin cloak {*Rats rPois rN+ Str-1 Int-1 Dex+1}
rCorr   +            i - +0 pair of gloves
SInv    .            v - +1 pair of boots
Will    .....        u - amulet of reflection
Stlth   ++++         d - +6 ring of dexterity
HPRegen 0.34/turn    p - ring of flight
MPRegen 0.12/turn

%: reflection
@: flying
A: spit acid, AC +7, unfitting armour, cold-blooded, acid resistance, frail 1,
screaming 1
a: Breathe Acid, Renounce Religion, Berserk, Trog's Hand, Brothers in Arms


You were on level 2 of the Lair of Beasts.
You worshipped Trog.
Trog was extremely pleased with you.
You visited 3 branches of the dungeon, and saw 11 of its levels.

You collected 445 gold pieces.

Inventory:

Hand Weapons
 a - a +1 mace
 l - the +10 whip of Doom (weapon) {flame, rN+}
   (You found it on level 2 of the Dungeon)

   rN+:       It protects you from negative energy.
 r - a +0 whip
 y - a +4 dagger of chaos
 z - a +2 short sword of venom
 E - a +0 halberd of protection
 K - a +3 dagger
Missiles
 m - 2 throwing nets (quivered)
 t - 6 boomerangs
 H - 35 stones
Armour
 i - a +0 pair of gloves (worn)
 v - a +1 pair of boots (worn)
 w - a +0 ring mail
 x - the +0 ring mail "Japs" {rPois Dex+3}
   (You found it on level 5 of the Dungeon)

   Dex+3:     It affects your dexterity (+3).
   rPois:     It protects you from poison
 D - the +2 ratskin cloak (worn) {*Rats rPois rN+ Str-1 Int-1 Dex+1}
   (You found it on level 7 of the Dungeon)

   *Rats:     When the wearer is hurt, rats may emerge from it to assist them.
   Str-1:     It affects your strength (-1).
   Int-1:     It affects your intelligence (-1).
   Dex+1:     It affects your dexterity (+1).
   rPois:     It protects you from poison rN+: It protects you from negative
   energy.
Jewellery
 c - an amulet of guardian spirit
 d - a +6 ring of dexterity (left hand)
 o - a ring of willpower
 p - a ring of flight (right hand)
 u - an amulet of reflection (around neck)
Wands
 b - a wand of roots (4)
 e - a wand of flame (29)
 s - a wand of mindburst (18)
Scrolls
 f - 3 scrolls of vulnerability
 j - 3 scrolls of teleportation
 k - 3 scrolls of identify
 n - 3 scrolls of amnesia
 A - a scroll of immolation
 C - a scroll of revelation
 F - a scroll of enchant armour
 J - a scroll of silence {unknown}
Potions
 g - a potion of enlightenment
 h - 3 potions of lignification
 q - a potion of invisibility
 B - a potion of attraction
 G - a potion of resistance
 I - a potion of heal wounds


   Skills:
 + Level 8.9 Fighting
 - Level 12.0 Maces & Flails
 + Level 9.0 Dodging
 + Level 7.3 Stealth
 + Level 4.9 Shields


You had 10 spell levels left.
You didn't know any spells.
Your spell library contained the following spells:

 Spells                   Type           Power      Damage    Failure   Level
 Sting                    Conj/Alch      0%         1d3       45%         1
 Lesser Beckoning         Tloc           0%         N/A       58%         2
 Mercury Vapours          Alch/Air       0%         N/A       58%         2
 Dazzling Flash           Conj/Hex       0%         N/A       83%         3
 Fugue of the Fallen      Necr           0%         N/A       83%         3
 Gell's Gravitas          Tloc           0%         N/A       83%         3
 Ozocubu's Armour         Ice            0%         N/A       83%         3
 Teleport Other           Tloc           0%         N/A       83%         3
 Volatile Blastmotes      Fire/Tloc      0%         2d10      83%         3
 Animate Dead             Necr           0%         N/A       99%         4
 Manifold Assault         Tloc           0%         N/A       99%         4
 Olgreb's Toxic Radiance  Alch           0%         N/A       99%         4
 Borgnjor's Vile Clutch   Necr/Erth      0%         N/A       100%        5
 Death Channel            Necr           0%         N/A       100%        6
 Starburst                Conj/Fire      0%         6d3       100%        6
 Maxwell's Capacitive Co  Air            0%         ∞         100%        8


Dungeon Overview and Level Annotations

Branches:
Dungeon (8/15)             Temple (1/1) D:7            Lair (2/5) D:8
  Swamp: Lair:2-3    Shoals: Lair:2-3     Snake: Lair:2-3    Spider: Lair:2-3

Altars:
Ashenzari
Cheibriados
Dithmenos
Elyvilon
Fedhas
Gozag
Kikubaaqudgha
Makhleb
Nemelex Xobeh
Okawaru
Qazlal
Sif Muna
Trog
Yredelemnul
Zin
The Shining One

Shops:
D:7 *

Annotations:
D:8 vurker's ghost, novice DjAE


Innate Abilities, Weirdness & Mutations

You can spit globs of acid.
Your golden yellow scales are hard. (AC +7)
You cannot fit into any form of body armour.
You are cold-blooded and may be slowed by cold attacks.
You are resistant to acid. (rCorr)
You are frail. (-10% HP)
You occasionally shout uncontrollably at your foes.


Message History

You whack the blink frog! You burn the blink frog.
You kill the blink frog!
Trog accepts your kill.
A blink frog comes into view.
The blink frog misses you.
Training target 12.0 for Maces & Flails reached!
Your Maces & Flails skill increases to level 12!
The blink frog blinks!
You whack the blink frog! You burn the blink frog.
You tail-slap the blink frog.
You punch the blink frog, but do no damage.
The blink frog is heavily wounded.
You block the blink frog's attack.
You whack the blink frog! You burn the blink frog.
Your tail-slap misses the blink frog.
The blink frog is severely wounded.
The blink frog blinks! x2
The blink frog hits you!
The blink frog blinks!
The komodo dragon bites you but does no damage.
The blink frog blinks!
You see here a blink frog corpse.
You whack the komodo dragon! You burn the komodo dragon.
You tail-slap the komodo dragon.
You punch the komodo dragon, but do no damage.
The komodo dragon is heavily wounded.
The blink frog blinks!
The komodo dragon bites you!
You hit the komodo dragon. You burn the komodo dragon.
The komodo dragon is severely wounded.
The blink frog blinks!
The komodo dragon attacks as it pursues you!
The komodo dragon bites you!
* * * LOW HITPOINT WARNING * * *
The blink frog blinks!
The komodo dragon bites you!!
* * * LOW HITPOINT WARNING * * *
The blink frog attacks as it pursues you!
The blink frog misses you.
The blink frog attacks as it pursues you!
The blink frog hits you!
You die...

♣...... #.#.##.#
..... #.#...# ...F
#.#.P. . ..#..###.#.#
♣...#..##....##
#....F.F....###
.....#.#l...?...# ...
#...#F†.F.#.# .
#..##@#.....# # .
##.##[##.##.##.#
...##..##)#......P.#
#.........#.......
#.#................
........#..#..#...##
#####.....#..........
#P.#######.#P.####
##. ##....#


You could see a komodo dragon and 4 blink frogs.

Vanquished Creatures
  Sonja (Lair:2)
  A torpor snail (Lair:1)
  3 cane toads
  4 komodo dragons
  Psyche (D:8)
  8 blink frogs
  A hornet (D:7)
  2 wyverns
  4 basilisks
  14 yaks
  2 steam dragons
  Menkaure (D:4)
  2 ice beasts
  2 water moccasins (Lair:1)
  4 black bears
  2 sky beasts (D:7)
  A swamp drake (D:8)
  4 orc warriors
  An ogre (D:7)
  2 centaurs
  A kobold brigand (D:8)
  2 phantoms (D:5)
  Blork the orc (D:4)
  7 bullfrogs
  4 wights (D:8)
  6 killer bees (D:8)
  2 electric eels (D:8)
  3 jellies
  8 orc priests
  3 bombardier beetles
  2 hounds
  2 gnoll boudas (D:8)
  3 iguanas
  9 orc wizards
  2 hell rats (D:7)
  Robin (D:2)
  8 gnolls (D:8)
  11 adders
  21 river rats (D:7)
  3 dart slugs
  A ribbon worm (D:5)
  42 orcs
  5 ball pythons
  8 bats
  2 endoplasms (D:1)
  3 giant cockroaches
  15 goblins
  7 hobgoblins
  3 jackals (D:4)
  5 quokkas
  A frilled lizard (D:2)
  17 kobolds
  5 rats
273 creatures vanquished.

Vanquished Creatures (collateral kills)
  A cane toad (Lair:1)
  3 yaks (Lair:1)
  A gnoll (D:8)
5 creatures vanquished.

Vanquished Creatures (others)
  2 orcs
2 creatures vanquished.

Grand Total: 280 creatures vanquished

Notes
Turn   | Place    | Note
-------+----------+-------------------------------------------
     0 | D:1      | Pandarussel the Draconian Berserker began the quest for the
                  | Orb.
     0 | D:1      | Reached XP level 1. HP: 19/19 MP: 1/1
   148 | D:1      | Reached XP level 2. HP: 24/26 MP: 2/2
   538 | D:1      | Found a faded altar of an unknown god.
   553 | D:1      | Reached ** piety under Trog
   795 | D:1      | Reached XP level 3. HP: 33/33 MP: 3/3
   896 | D:2      | Identified the +0 helmet "Voenopt" {Will+ Str+4 Stlth-}
   896 | D:2      | Noticed Robin
   932 | D:2      | Killed Robin
   969 | D:2      | Reached XP level 4. HP: 34/40 MP: 4/4
   975 | D:2      | Reached skill level 4 in Maces & Flails
  1115 | D:2      | Identified the +10 whip of Doom {flame, rN+}
  1473 | D:3      | Reached skill level 1 in Stealth
  1647 | D:3      | Reached *** piety under Trog
  1968 | D:4      | Noticed a black bear
  1975 | D:4      | Killed a black bear
  1976 | D:4      | Reached XP level 5. HP: 31/46 MP: 5/5
  2216 | D:4      | Noticed Blork the orc
  2224 | D:4      | Reached skill level 5 in Maces & Flails
  2224 | D:4      | Reached XP level 6. HP: 19/52 MP: 6/6
  2268 | D:4      | Killed Blork the orc
  2518 | D:4      | Noticed Menkaure
  2537 | D:4      | Killed Menkaure
  2775 | D:4      | Your scales start taking on a golden yellow colour.
  2775 | D:4      | Reached XP level 7. HP: 60/60 MP: 7/7
  2775 | D:4      | Gained mutation: You are resistant to acid. (rCorr) [Yellow
                  | Draconian growth]
  3060 | D:5      | Entered Level 5 of the Dungeon
  3404 | D:5      | Reached skill level 6 in Maces & Flails
  3515 | D:5      | Reached skill level 1 in Shields
  3563 | D:5      | Identified the +0 ring mail "Japs" {rPois Dex+3}
  3586 | D:5      | Reached skill level 5 in Dodging
  3586 | D:5      | Reached XP level 8. HP: 65/67 MP: 8/8
  3819 | D:5      | Reached **** piety under Trog
  4050 | D:6      | Identified the +1 flail of the Onslaught {heavy, rN+ Will+}
  4065 | D:6      | Reached skill level 7 in Maces & Flails
  4086 | D:6      | Reached skill level 5 in Fighting
  4102 | D:6      | Reached skill level 8 in Maces & Flails
  4102 | D:6      | Reached skill level 5 in Stealth
  4444 | D:6      | Reached XP level 9. HP: 70/74 MP: 9/9
  5026 | D:7      | Found Gulec's Gadget Gallery.
  5176 | D:7      | Found a shadowy altar of Dithmenos.
  5261 | D:7      | Found a staircase to the Ecumenical Temple.
  5466 | D:7      | Reached skill level 9 in Maces & Flails
  5983 | D:7      | Found an iron altar of Okawaru.
  6107 | D:7      | Found the +2 ratskin cloak {*Rats rPois rN+ Str-1 Int-1
                  | Dex+1}
  6376 | Temple   | Entered the Ecumenical Temple
  6848 | D:8      | Reached ***** piety under Trog
  6859 | D:8      | Reached XP level 10. HP: 56/84 MP: 10/10
  6954 | D:8      | Found a snail-covered altar of Cheibriados.
  7354 | D:8      | Noticed Psyche
  7391 | D:8      | Killed Psyche
  7392 | D:8      | Reached skill level 10 in Maces & Flails
  7593 | D:8      | Found a runed translucent door.
  7596 | D:8      | Noticed vurker's ghost (novice DjAE)
  7850 | D:8      | Found a staircase to the Lair.
  7851 | D:8      | Gained mutation: You occasionally shout uncontrollably at
                  | your foes. [potion of mutation]
  7851 | D:8      | Gained mutation: You are frail. (-10% HP) [potion of
                  | mutation]
  8657 | Lair:1   | Entered Level 1 of the Lair of Beasts
  8973 | Lair:1   | Noticed a cane toad
  8976 | Lair:1   | Noticed a torpor snail
  8997 | Lair:1   | Reached XP level 11. HP: 45/83 MP: 11/11
  9000 | Lair:1   | Reached skill level 11 in Maces & Flails
 10222 | Lair:2   | Received a gift from Trog
 10242 | Lair:2   | Noticed Sonja
 10258 | Lair:2   | Killed Sonja
 10403 | Lair:2   | Reached skill level 12 in Maces & Flails
 10411 | Lair:2   | HP: 4/85 [komodo dragon (18)]
 10412 | Lair:2   | Slain by a blink frog

Illustrated notes

Levels and vault maps discovered:
D:1:      dpeg_arrival_boxorama, layout_basic,
          shapermc_ecumenical_altar_rom_forum
D:2:      layout_rooms, dk_noncrumbling_3, minmay_tetromino_i4, uniq_robin
D:3:      layout_rooms
D:4:      layout_cave_pods, uniq_blork_the_orc, uniq_menkaure
D:5:      layout_basic
D:6:      layout_loops_ring, mrwooster_statue_mirror
D:7:      wander_guarded_unrand_ratskin, layout_loops_ring,
          mainiacjoe_overflow_surrounded_room, kennysheep_okawaru_gauntlet,
          minmay_temple_entry_tees, roderic_lattice_a, nicolae_shop_gadgets
D:8:      layout_rooms, slow_altar_1, erik_lair_dragon,
          ebering_ghost_reflecting_pool, fountainhead, serial_bayou_crossing,
          uniq_psyche
Temple:   nicolae_temple_god_jail
Lair:1:   layout_chaotic_city, wad_woods_road_01, columned_hall_lemuel,
          grunt_megastairs_1, serial_bayou_shore_b
Lair:2:   layout_loops_ring, nicolae_snake_entry_warm_welcome,
          nicolae_quartered_pool_little, guppyfry_lair_drakes, uniq_sonja

Skill      XL: |  1  2  3  4  5  6  7  8  9 10 11 |
---------------+----------------------------------+-----
Dodging        | 3 4 5 6 8 9 |  9.0
Maces & Flails | 4 5 6 8 9 10 12 | 12.0
Fighting       | 4 5 6 7 8 |  8.9
Stealth        | 1 2 3 5 6 7 |  7.3
Shields        | 1 2 3 4 |  4.9

Action                     |  1- 3 |  4- 6 |  7- 9 | 10-12 || total
---------------------------+-------+-------+-------+-------++-------
  Melee: Mace              |   106 |     9 |       |       ||   115
         Tailslap          |     8 |     5 |    41 |    58 ||   112
         Punch             |     3 |     2 |    12 |    33 ||    50
         Whip              |       |    83 |   299 |   340 ||   722
    Use: Potion            |     2 |     7 |     2 |    10 ||    21
         Scroll            |     1 |    13 |     3 |     3 ||    20
   Stab: Sleeping          |     2 |     4 |    15 |     5 ||    26
         Invisible         |       |     1 |       |       ||     1
 Armour: Skin              |    65 |    38 |   113 |   202 ||   418
  Dodge: Dodged            |    88 |    52 |   151 |   170 ||   461
  Block: Other             |       |    11 |    55 |    57 ||   123
         Reflection        |       |     1 |     1 |     1 ||     3

Table legend: (Time is in decaauts)
 A = Elapsed time spent in this place.
 B = Non-inter-level travel time spent in this place.
 C = Inter-level travel time spent in this place.
 D = Time resting spent in this place.
 E = Time spent auto-exploring this place.
 F = Levels seen in this place.
 G = Mean time per level.
                   A        B        C        D        E       F      G
               +--------+--------+--------+--------+--------+-----+--------+
         Total |  10192 |   8805 |   1387 |   2080 |   4777 |  11 |  926.5 |
       Dungeon |   8458 |   7240 |   1218 |   1387 |   4239 |   8 | 1057.2 |
        Temple |     54 |      4 |     50 |      0 |      0 |   1 |   54.0 |
          Lair |   1679 |   1560 |    119 |    693 |    538 |   2 |  839.5 |
               +--------+--------+--------+--------+--------+-----+--------+

Top non-repeatable levels by time:
     D:8: 1944 daAuts
     D:7: 1644 daAuts
  Lair:1: 1484 daAuts
     D:4: 1116 daAuts
     D:5: 937 daAuts
     D:6: 876 daAuts
     D:1: 845 daAuts
     D:2: 616 daAuts
     D:3: 477 daAuts
  Lair:2: 195 daAuts
  Temple: 54 daAuts
